 Dungeon Crawl Stone Soup version 0.23.2-40-g277498a001 (webtiles) character file.

Game seed: 1246549510281030341

168 H0rd4k the Charlatan (level 5, -2/38 HPs)
             Began as a Human Artificer on Oct 8, 2019.
             Killed from afar by an orc wizard (4 damage)
             ... with a puff of flame
             ... on level 3 of the Dungeon.
             The game lasted 00:04:01 (3185 turns).

H0rd4k the Charlatan (Human Artificer)              Turns: 3185, Time: 00:04:01

Health: -2/38      AC:  4    Str: 13    XL:     5   Next: 78%
Magic:  7/7        EV: 12    Int: 12    God:
Gold:   128        SH:  0    Dex: 13    Spells: 4/4 levels left

rFire    . . .     SeeInvis .   a - +0 short sword
rCold    . . .     Gourm    .   (no shield)
rNeg     . . .     Faith    .   b - +0 leather armour
rPois    .         Spirit   .   (no helmet)
rElec    .         Reflect  .   (no cloak)
rCorr    .         Harm     .   (no gloves)
MR       .....                  r - +0 pair of boots
Stlth    ++........             (no amulet)
HPRegen  0.12/turn              (no ring)
MPRegen  0.10/turn              (no ring)

@: no status effects
A: no striking features
a: no special abilities


You were on level 3 of the Dungeon.
You were hungry.

You visited 1 branch of the dungeon, and saw 3 of its levels.

You collected 128 gold pieces.

Inventory:

Hand Weapons
 a - a +0 short sword (weapon)
Armour
 b - a +0 leather armour (worn)
 r - a +0 pair of boots (worn)
Wands
 c - a wand of flame (3)
 d - a wand of enslavement (15)
 e - a wand of random effects (14)
Scrolls
 g - 4 scrolls of enchant weapon {unknown}
 h - a scroll of magic mapping {unknown}
 k - a scroll of remove curse {unknown}
 n - a scroll of blinking {unknown}
 q - 3 scrolls of identify {unknown}
Potions
 i - a potion of agility {unknown}
 j - a potion of invisibility {unknown}
 l - 3 potions of might {unknown}
 m - 2 potions of degeneration {unknown}
 o - a potion of magic {unknown}
 p - a potion of lignification {unknown}
Comestibles
 f - 2 rations


   Skills:
 + Level 1.8 Fighting
 + Level 2.9 Short Blades
 + Level 1.9 Armour
 + Level 2.8 Dodging
 + Level 1.8 Stealth
 + Level 3.4 Evocations


You had 4 spell levels left.
You didn't know any spells.
Your spell library was empty.

Dungeon Overview and Level Annotations

Branches:
Dungeon (3/15)

Altars:

Annotations:
D:2 exclusion: downstairs


Message History

A quokka comes into view.
The orc wizard gestures at you while chanting.
You are confused.
The orc wizard casts a spell at you. The puff of flame misses you.
The orc wizard points at you and mumbles some strange words.
The magic dart hits you.
* * * LOW HITPOINT WARNING * * *
You're too confused to move!
The orc hits you but does no damage.
You hit the orc.
The orc is lightly wounded.
You feel less confused.
The hobgoblin shouts!
The orc hits you with a +0 mace.
* * * LOW HITPOINT WARNING * * *
The orc hits you with a +0 mace.
* * * LOW HITPOINT WARNING * * *
The orc wizard casts a spell at you. The puff of flame hits you.
You die...

########
##......##
##.......<##
#..........#
#.......<..#
#..........#
#..........#
#........@.# .
..........o## ..
.#.......r..# ...
#..........#
##....
#.....o....##...#
..............#
......g.....###
##........#.#
##.o.....#.#


You could see an orc wizard, an orc, a quokka and a hobgoblin.

Vanquished Creatures
  Jessica (D:2)
  5 adders (D:2)
  An ooze (D:3)
  3 worms (D:2)
  4 dart slugs
  2 leopard geckos
  An orc (D:3)
  5 giant cockroaches
  7 hobgoblins
  3 jackals (D:2)
  10 kobolds
  2 quokkas
  A ball python (D:2)
  12 bats
  7 frilled lizards
  5 goblins
  8 rats
77 creatures vanquished.

Notes
Turn   | Place    | Note
-------+----------+-------------------------------------------
     0 | D:1      | H0rd4k the Human Artificer began the quest for the Orb.
     0 | D:1      | Reached XP level 1. HP: 15/15 MP: 3/3
   103 | D:1      | Reached XP level 2. HP: 14/21 MP: 4/4
   636 | D:1      | Reached XP level 3. HP: 26/26 MP: 5/5
   962 | D:2      | Noticed Jessica
   967 | D:2      | Killed Jessica
   967 | D:2      | Reached skill level 1 in Armour
   967 | D:2      | Reached XP level 4. HP: 28/32 MP: 6/6
  1554 | D:2      | Reached XP level 5. HP: 26/37 MP: 7/7
  3185 | D:3      | Killed from afar by an orc wizard

Skill      XL: |  1  2  3 |
---------------+----------+-----
Short Blades   | 2 |  2.9
Armour         | 1 |  1.9
Fighting       | |  1.8
Dodging        | |  2.8
Stealth        | |  1.8
Evocations     | |  3.4

Action                   |  1- 3 |  4- 6 || total
-------------------------+-------+-------++-------
Melee: Short sword       |    89 |   239 ||   328
Evoke: Wand              |       |    13 ||    13
 Stab: Sleeping          |     4 |     3 ||     7
  Eat: Chunk             |       |     7 ||     7
Armor: Leather armour    |    35 |    64 ||    99
Dodge: Dodged            |    39 |   161 ||   200
